 Dungeon Crawl Stone Soup version 0.29-a0-1047-g7c58e119a4 (webtiles) character file.

Game seed: 6613787603675277728

6628 Zeldest the Summoner (level 11, -14/142 HPs)
             Began as a Meteoran Necromancer on Aug 16, 2022.
             Demolished by a salamander
             ... wielding a +3 halberd
              (19 damage)
             ... in a volcano.
             The game lasted 00:35:12 (4489 turns).

Zeldest the Summoner (Meteoran Necromancer)         Turns: 4489, Time: 00:35:13

Health: -14/142    AC:  9    Str: 15    XL:     11   Next: 45%
Magic:  20/29      EV: 12    Int: 22    God:
Gold:   340        SH:  0    Dex: 15    Spells: 4/20 levels left

rFire   . . .      SeeInvis .   v - +11 war axe of Mutilation {elec, rF- rC++ MP+9}
rCold   + + .      Faith    .   (no shield)
rNeg    . . .      Spirit   .   E - +3 leather armour "Kyng" {rF+ Will+ rCorr}
rPois   .          Reflect  .   (no helmet)
rElec   .          Harm     .   G - scarf {repulsion}
rCorr   +          Rampage  .   (no gloves)
Will    ++...                   f - +2 pair of boots
Stlth   ..........              (no amulet)
HPRegen 0.33/turn               e - +6 ring of strength
MPRegen 0.21/turn               (no ring)

@: berserking, animating dead, very slightly contaminated, glowing, repel
missiles, very quick
A: sense surroundings 2, otherworldly, glowing, explore regen
a: no special abilities


You were in a volcano.
You visited 3 branches of the dungeon, and saw 12 of its levels.
You also visited: Volcano.

You collected 518 gold pieces.
You spent 178 gold pieces at shops.

Inventory:

Hand Weapons
 v - the +11 war axe of Mutilation (weapon) {elec, rF- rC++ MP+9}
   (You bought it in a shop on level 5 of the Dungeon)

   It occasionally discharges a powerful burst of electricity upon striking a
   foe.
   rF:        It makes you vulnerable to fire.
   rC:        It greatly protects you from cold.
   MP:        It affects your magic capacity (+9).
Armour
 f - a +2 pair of boots (worn)
 i - a +0 kite shield
 E - the +3 leather armour "Kyng" (worn) {rF+ Will+ rCorr}
   (You found it on level 8 of the Dungeon)

   rF:        It protects you from fire.
   rCorr:     It protects you from acid and corrosion.
   Will:      It increases your willpower.
 G - a scarf of repulsion (worn)
 H - a +0 buckler
Magical Staves
 h - a staff of cold
 A - a staff of conjuration
Jewellery
 e - a +6 ring of strength (left hand)
Wands
 d - a wand of paralysis (15)
 y - a wand of polymorph (4)
Scrolls
 a - a scroll of blinking {unknown}
 c - a scroll of magic mapping {unknown}
 k - a scroll of silence {unknown}
 m - a scroll of enchant armour {unknown}
 n - a scroll of butterflies
 o - a scroll of identify {unknown}
 s - 2 scrolls of fear
 t - a scroll of teleportation
 u - a scroll of noise {unknown}
 w - 2 scrolls of vulnerability
 z - a scroll of brand weapon {unknown}
 C - a scroll of summoning {unknown}
Potions
 b - a potion of magic
 g - 3 potions of invisibility {unknown}
 j - a potion of lignification {unknown}
 p - a potion of berserk rage
 q - a potion of flight {unknown}
 r - 2 potions of haste {unknown}
 x - a potion of curing {unknown}
 B - a potion of degeneration {unknown}
 D - a potion of attraction {unknown}
 F - a potion of cancellation {unknown}


   Skills:
 + Level 8.6 Fighting
 + Level 8.1 Axes
 - Level 3.9 Armour
 - Level 2.4 Dodging
 - Level 1.4 Stealth
 + Level 3.0 Shields
 - Level 5.3 Spellcasting
 + Level 8.8 Summonings
 + Level 8.4 Necromancy
 - Level 6.0 Air Magic


You had 4 spell levels left.
You knew the following spells:

 Your Spells              Type           Power      Damage    Failure   Level
a - Necrotise             Necr           100%       1d9       1%          1
b - Animate Dead          Necr           43%        N/A       3%          4
c - Vampiric Draining     Necr           43%        2d9       1%          3
d - Summon Lightning Spi  Summ/Air       38%        N/A       5%          4
e - Summon Ice Beast      Ice/Summ       25%        N/A       19%         4

Your spell library contained the following spells:

 Spells                   Type           Power      Damage    Failure   Level
 Dispel Undead            Necr           43%        3d17      3%          4
 Foxfire                  Conj/Fire      20%        2x1d5     12%         1
 Slow                     Hex            20%        N/A       12%         1
 Corpse Rot               Necr/Pois/Air  27%        N/A       17%         4
 Confusing Touch          Hex            5%         N/A       34%         3
 Conjure Flame            Conj/Fire      5%         6-21      34%         3
 Inner Flame              Hex/Fire       5%         N/A       34%         3
 Flame Wave               Conj/Fire      5%         2d5       75%         4
 Agony                    Necr           43%        N/A       11%         5
 Summon Mana Viper        Hex/Summ       25%        N/A       47%         5
 Death Channel            Necr           21%        N/A       50%         6
 Monstrous Menagerie      Summ           22%        N/A       95%         7
 Storm Form               Tmut/Air       9%         N/A       100%        7
 Maxwell's Capacitive Co  Air            16%        ∞         100%        8


Dungeon Overview and Level Annotations

Branches:
Dungeon (10/15) Zot: 1957  Temple (1/1) D:4 Zot: 382    Lair (1/5) D:9 Zot: 535
Volcano (1/1) Zot: 385
    Orc: D:9-12

Altars:
Ashenzari
Dithmenos
Elyvilon
Fedhas
Gozag
Hepliaklqana
Kikubaaqudgha
Makhleb
Nemelex Xobeh
Okawaru
Qazlal
Ru
Sif Muna
Trog
Uskayaw
Vehumet
Wu Jian
Xom
Yredelemnul
Zin
The Shining One

Shops:
D:5 (


Innate Abilities, Weirdness & Mutations

You passively map the area around you.
You are easily found by Zot.
You glow in the dark.
You regain HP and MP as you explore.


Message History

Your ice beast hits the salamander but does no damage.
It was a potion of berserk rage.
A red film seems to cover your vision as you go berserk!
You feel yourself moving faster!
You feel mighty!
The salamander is engulfed in poison gas.
The salamander looks even sicker.
The salamander hits you but does no damage.
The salamander mystic is engulfed in poison gas.
The salamander mystic looks even sicker.
The salamander mystic casts a spell at the salamander.
The salamander seems to speed up.
Your ice beast completely misses the salamander.
You swap places.
You feel a strong urge to attack something.
The salamander is engulfed in poison gas.
The salamander is poisoned.
The salamander hits you from afar with a +3 halberd!
You are engulfed in flames!
The salamander is engulfed in poison gas.
The salamander looks even sicker.
The salamander hits you with a +0 trident!
* * * LOW HITPOINT WARNING * * *
You are engulfed in flames!
* * * LOW HITPOINT WARNING * * *
The salamander mystic is engulfed in poison gas.
The salamander mystic looks even sicker.
You slash the salamander!
The salamander is heavily wounded.
The salamander is engulfed in poison gas.
The salamander looks even sicker.
The salamander hits you from afar with a +3 halberd!
* * * LOW HITPOINT WARNING * * *
You are engulfed in flames!
* * * LOW HITPOINT WARNING * * *
The salamander mystic is engulfed in poison gas.
The salamander mystic looks as sick as possible!
You slice the salamander!!
The salamander is almost dead.
The salamander hits you from afar with a +3 halberd!!
You die... §§≈§§≈≈≈≈§§§~ ~~ §§§§§ ≈§§§§≈≈≈≈≈≈ ~ ~ ~ §≈ ≈≈≈~ ~~ , , , * * ####### * * ~ ~ ~ , +§§.§§+ , ,~ ~ ~ ~, ∩ , .8_8. , ~ ~ ~~ ~~ * ,NNN,

* ~≈§§≈§≈.# #N# * +* * ~
≈§≈≈≈≈§.# , #@# , ,* ~ ≈§≈§≈≈≈.#
#Y#,** * ~ ~~ ≈§≈≈§≈≈.# , , ,#§#
~ ≈≈§≈≈≈≈.# ,#§#, ~~ ~ ≈≈§≈≈≈≈.#
,#§# * ,* ~ §≈§≈≈≈≈.# , #§#, ,,
~~ §≈§§≈§≈.########+##### * ~ ~ ~
§§§§≈..§..........§.§. ~ ≈
§≈≈.§≈≈≈≈≈≈≈≈≈≈≈≈§§≈§≈≈§≈≈≈§§≈§§≈


You could see a salamander mystic (extremely poisoned), 3 salamanders and a
friendly ice beast (summoned).

Vanquished Creatures
  A two-headed ogre (D:9)
  A komodo dragon (Lair:1)
  Grinder (D:5)
  A wraith (D:9)
  A fire bat (Volcano)
  7 yaks
  A steam dragon (D:8)
  Duvessa (D:5)
  2 acid dragons
  A water moccasin (D:7)
  A black bear (D:4)
  An orc warrior (D:9)
  A sky beast (D:7)
  2 ogres
  A centaur (D:8)
  3 lemures (D:9)
  4 kobold brigands
  3 bullfrogs
  A necrophage (D:4)
  A gnoll sergeant (D:9)
  A scorpion (D:6)
  Dowan (D:5)
  13 wights
  A howler monkey (D:7)
  2 lava snakes (Volcano)
  2 jellies
  An orc priest (D:4)
  A gnoll bouda (D:8)
  An iguana (D:7)
  8 orc wizards
  An adder (D:5)
  8 gnolls
  A white imp (D:6)
  A worm (D:4)
  12 orcs
  7 endoplasms
  A giant cockroach (D:1)
  4 hobgoblins
  2 jackals (D:2)
  3 quokkas
  2 ball pythons (D:1)
  4 bats
  4 frilled lizards
  7 goblins
  23 kobolds
  5 rats
151 creatures vanquished.

Vanquished Creatures (collateral kills)
  Pikel (D:9)
  A cane toad (Lair:1)
  A komodo dragon (D:9)
  A centaur (D:9)
  A scorpion (D:9)
  3 lava snakes (Volcano)
  An orc wizard (D:9)
  3 gnolls (D:9)
  An endoplasm (D:1)
  2 giant cockroaches (D:1)
  2 hobgoblins (D:1)
  A kobold (D:9)
18 creatures vanquished.

Vanquished Creatures (others)
  6 fungi
  5 plants
11 creatures vanquished.

Grand Total: 180 creatures vanquished

Notes
Turn   | Place    | Note
-------+----------+-------------------------------------------
     0 | D:1      | Zeldest the Meteoran Necromancer began the quest for the
                  | Orb.
     0 | D:1      | Reached XP level 1. HP: 14/14 MP: 5/5
    56 | D:1      | Reached XP level 2. HP: 21/22 MP: 2/6
    91 | D:1      | Reached skill level 1 in Fighting
   137 | D:1      | Reached XP level 3. HP: 28/28 MP: 8/8
   308 | D:2      | Reached XP level 4. HP: 36/36 MP: 3/10
   313 | D:2      | Learned a level 4 spell: Animate Dead
   412 | D:2      | Found the +4 robe of Augmentation {Str+4 Int+4 Dex+4}
   437 | D:2      | Learned a level 3 spell: Vampiric Draining
   446 | D:2      | Reached skill level 5 in Necromancy
  1099 | D:3      | Reached XP level 5. HP: 31/39 MP: 4/11
  1153 | D:4      | Found a staircase to the Ecumenical Temple.
  1172 | Temple   | Entered the Ecumenical Temple
  1525 | D:4      | Noticed a necrophage
  1554 | D:4      | Killed a necrophage
  1555 | D:4      | Reached XP level 6. HP: 42/51 MP: 13/13
  1678 | D:5      | Entered Level 5 of the Dungeon
  1683 | D:5      | Noticed Duvessa
  1683 | D:5      | Noticed Dowan
  1707 | D:5      | Killed Duvessa
  1708 | D:5      | Reached skill level 5 in Spellcasting
  1708 | D:5      | Reached XP level 7. HP: 20/58 MP: 2/15
  1713 | D:5      | Killed Dowan
  1738 | D:5      | Found Lotuax's Antique Weapon Emporium.
  1749 | D:5      | Bought a masterwork war axe for 178 gold pieces
  1749 | D:5      | Identified the +11 war axe of Mutilation {elec, rF- rC++
                  | MP+9} (You bought it in a shop on level 5 of the Dungeon)
  1780 | D:5      | Found a glowing silver altar of Zin.
  1825 | D:5      | Noticed a yak
  1836 | D:5      | Noticed a yak
  1837 | D:5      | Noticed a yak
  1838 | D:5      | Killed a yak
  1839 | D:5      | Reached skill level 1 in Axes
  1839 | D:5      | Reached skill level 1 in Armour
  1846 | D:5      | Killed a yak
  1847 | D:5      | Reached XP level 8. HP: 62/67 MP: 17/17
  1850 | D:5      | Killed a yak
  1927 | D:4      | Reached skill level 5 in Fighting
  2061 | D:5      | Noticed Grinder
  2070 | D:5      | Killed Grinder
  2135 | D:5      | Gained mutation: You passively map the area around you.
                  | [Meteoran growth]
  2135 | D:5      | Reached XP level 9. HP: 71/74 MP: 18/18
  2141 | D:5      | Learned a level 4 spell: Summon Lightning Spire
  2273 | D:6      | Reached skill level 1 in Summonings
  2327 | D:6      | Reached skill level 1 in Air Magic
  2934 | D:7      | Reached skill level 5 in Axes
  3127 | D:7      | Reached skill level 5 in Summonings
  3258 | D:8      | Reached XP level 10. HP: 64/83 MP: 19/19
  3363 | D:8      | Identified the +3 leather armour "Kyng" {rF+ Will+ rCorr}
  3578 | D:8      | Reached skill level 5 in Air Magic
  3792 | D:9      | Noticed Pikel
  3804 | D:9      | Killed Pikel
  3832 | D:9      | Noticed a komodo dragon
  3845 | D:9      | Killed a komodo dragon
  3846 | D:9      | Reached XP level 11. HP: 81/94 MP: 20/20
  3978 | D:9      | Noticed a two-headed ogre
  3989 | D:9      | Killed a two-headed ogre
  3990 | D:9      | Reached skill level 1 in Shields
  4132 | D:10     | Entered Level 10 of the Dungeon
  4132 | D:10     | Found an ancient bone altar of Kikubaaqudgha.
  4132 | D:10     | Found a shimmering altar of Xom.
  4134 | D:10     | Found a sacrificial altar of Ru.
  4191 | D:9      | Found a staircase to the Lair.
  4211 | Lair:1   | Entered Level 1 of the Lair of Beasts
  4216 | Lair:1   | Noticed a black mamba
  4266 | Lair:1   | Found a dark tunnel.
  4275 | Volcano  | Entered a volcano
  4281 | Volcano  | Learned a level 4 spell: Summon Ice Beast
  4482 | Volcano  | Found a bloodstained altar of Trog.
  4482 | Volcano  | Noticed a salamander
  4482 | Volcano  | Noticed a salamander mystic
  4482 | Volcano  | Noticed a salamander
  4482 | Volcano  | Noticed a salamander
  4488 | Volcano  | HP: 5/142 [salamander/+3 halberd (9)]
  4489 | Volcano  | Demolished by a salamander

Illustrated notes

Levels and vault maps discovered:
D:1:      sevenhm_arrival_forest_fort_small_6, layout_rooms,
          minmay_misc_feat_more_columns, dk_noncrumbling_4
D:2:      layout_loops_ring, nicolae_titane
D:3:      layout_basic, minmay_pentangle
D:4:      layout_loops_ring, temple_pool_b, kennysheep_big_empty_room
D:5:      layout_gridville, zin_treasury, serial_shops, nicolae_shop_stone,
          uniq_duvessa, uniq_grinder
D:6:      layout_gridville
D:7:      layout_basic
D:8:      layout_loops_ring
D:9:      layout_layer_cave, grunt_lair_entry_orc_guard_hut,
          minmay_curled_crystal, uniq_pikel
D:10:     layout_irregular_city, gammafunk_temple_overflow_forgotten,
          cheibriados_altar_1, kennysheep_flooded_box, uniq_maggie
Temple:   bh_familiar_temple
Lair:1:   layout_regular_city, gauntlet_entry_generic, enter_volcano_2,
          beast_lair_carwin_9, serial_bayou_shore_a
Volcano:  volcano_lake [vl_original]

Skill      XL: |  1  2  3  4  5  6  7  8  9 10 11 |
---------------+----------------------------------+-----
Spellcasting   | 3 4 5 |  5.3
Fighting       | 1 2 3 4 5 6 8 |  8.6
Necromancy     | 5 6 7 8 |  8.4
Axes           | 2 3 5 7 8 |  8.1
Armour         | 2 3 |  3.9
Summonings     | 5 8 |  8.8
Air Magic      | 3 5 6 |  6.0
Shields        | 3 |  3.0
Dodging        | |  2.4
Stealth        | |  1.4

Action                   |  1- 3 |  4- 6 |  7- 9 | 10-12 || total
-------------------------+-------+-------+-------+-------++-------
Melee: Spear             |     2 |     4 |       |       ||     6
       Short sword       |       |    33 |     3 |       ||    36
       War axe           |       |       |    90 |   133 ||   223
       Punch             |       |       |     3 |     1 ||     4
 Cast: Necrotise         |    41 |    39 |     3 |       ||    83
       Animate Dead      |       |     4 |       |     1 ||     5
       Vampiric Draining |       |     4 |       |       ||     4
       Summon Lightning  |       |       |       |    11 ||    11
       Summon Ice Beast  |       |       |       |     4 ||     4
Evoke: Wand              |       |       |    12 |     1 ||    13
  Use: Scroll            |       |       |       |     6 ||     6
       Potion            |       |       |       |     1 ||     1
 Stab: Paralysed         |       |       |    10 |     1 ||    11
       Distracted        |       |       |       |     4 ||     4
Armor: Robe              |    10 |    18 |    26 |     5 ||    59
       Leather armour    |       |       |       |    50 ||    50
Dodge: Dodged            |     8 |    28 |    41 |    70 ||   147
       Repelled          |       |       |       |     2 ||     2

Table legend: (Time is in decaauts)
 A = Elapsed time spent in this place.
 B = Non-inter-level travel time spent in this place.
 C = Inter-level travel time spent in this place.
 D = Time resting spent in this place.
 E = Time spent auto-exploring this place.
 F = Levels seen in this place.
 G = Mean time per level.
                   A        B        C        D        E       F      G
               +--------+--------+--------+--------+--------+-----+--------+
         Total |   4538 |   4263 |    275 |      0 |      0 |  13 |  349.1 |
       Dungeon |   4042 |   3831 |    211 |      0 |      0 |  10 |  404.2 |
        Temple |    217 |    153 |     64 |      0 |      0 |   1 |  217.0 |
          Lair |     64 |     64 |      0 |      0 |      0 |   1 |   64.0 |
       Volcano |    214 |    214 |      0 |      0 |      0 |   1 |  214.0 |
               +--------+--------+--------+--------+--------+-----+--------+

Top non-repeatable levels by time:
     D:7: 619 daAuts
     D:8: 568 daAuts
     D:4: 481 daAuts
     D:2: 458 daAuts
     D:5: 440 daAuts
     D:9: 437 daAuts
     D:3: 385 daAuts
     D:6: 365 daAuts
     D:1: 277 daAuts
  Temple: 217 daAuts
 Volcano: 214 daAuts
  Lair:1: 64 daAuts
    D:10: 7 daAuts
